 Dungeon Crawl Stone Soup version 0.27.1-33-g824d729ab1 (webtiles) character file.

Game seed: 14105709822304787381

46 Jack47 the Gusty (level 3, -2/26 HPs)
             Began as a Draconian Air Elementalist on Dec 14, 2021.
             Slain by a gnoll (4 damage)
             ... on level 2 of the Dungeon.
             The game lasted 00:04:54 (1854 turns).

Jack47 the Gusty (Draconian Air Elementalist)       Turns: 1854, Time: 00:04:55

Health: -2/26      AC:  5    Str: 10    XL:     3   Next: 44%
Magic:  0/6        EV: 12    Int: 16    God:
Gold:   41         SH:  0    Dex: 11    Spells: 5/6 levels left

rFire    . . .     SeeInvis .   a - +0 whip
rCold    . . .     Faith    .   (no shield)
rNeg     . . .     Spirit   .   (armour unavailable)
rPois    .         Reflect  .   (helmet restricted)
rElec    .         Harm     .   (no cloak)
rCorr    .         Rampage  .   (no gloves)
Will     .....                  (no boots)
Stlth    ++........             (no amulet)
HPRegen  0.08/turn              (no ring)
MPRegen  0.10/turn              (no ring)

@: very slightly contaminated
A: AC +5, unfitting armour, cold-blooded
a: no special abilities


You were on level 2 of the Dungeon.
You visited 1 branch of the dungeon, and saw 2 of its levels.

You collected 41 gold pieces.

Inventory:

Hand Weapons
 a - a +0 whip (weapon)
Scrolls
 c - 4 scrolls of noise {unknown}
 d - 3 scrolls of teleportation {unknown}
Potions
 b - a potion of might {unknown}
 e - a potion of berserk rage {unknown}


   Skills:
 + Level 0.1 Fighting
 + Level 0.3 Maces & Flails
 + Level 2.3 Dodging
 + Level 2.0 Stealth
 + Level 2.4 Spellcasting
 + Level 1.0 Conjurations
 + Level 3.5 Air Magic


You had 5 spell levels left.
You knew the following spells:

 Your Spells              Type           Power      Damage    Failure   Level
a - Shock                 Conj/Air       36%        1d5       8%          1

Your spell library contained the following spells:

 Spells                   Type           Power      Damage    Failure   Level
 Static Discharge         Conj/Air       9%         N/A       12%         2
 Swiftness                Air            13%        N/A       14%         3
 Airstrike                Air            6%         N/A       41%         4


Dungeon Overview and Level Annotations

Branches:
Dungeon (2/15)

Altars:


Innate Abilities, Weirdness & Mutations

Your plain brown scales are hard. (AC +5)
You cannot fit into any form of body armour.
You are cold-blooded and may be slowed by cold attacks.


Message History

A rat comes into view.
The gnoll closely misses you.
Aiming: Shock (safe; 8% risk of failure)
Press: ? - help, Q - select action Shift-Dir - straight line, f - gnoll, p - gnoll
Aim: a gnoll, wielding a +0 club (72% to hit)
The zap hits the gnoll.
The gnoll is moderately wounded.
The zap hits the gnoll.
The gnoll is heavily wounded.
The zap hits the gnoll but does no damage.
The gnoll hits you from afar with a +0 spear.
Aiming: Shock (safe; 8% risk of failure)
Press: ? - help, Q - select action Shift-Dir - straight line, f/p - gnoll
Aim: a gnoll, wielding a +0 club (72% to hit)
The zap hits the gnoll but does no damage.
The gnoll is heavily wounded.
The zap hits the gnoll.
The gnoll is moderately wounded.
The gnoll hits you from afar with a +0 spear.
Aiming: Shock (safe; 8% risk of failure)
Press: ? - help, Q - select action Shift-Dir - straight line, f/p - gnoll
Aim: a gnoll, wielding a +0 club (moderately wounded, 72% to hit)
The zap hits the gnoll.
The gnoll is heavily wounded.
The zap hits the gnoll.
The gnoll is moderately wounded.
The gnoll hits you with a +0 flail.
* * * LOW HITPOINT WARNING * * *
The gnoll hits you from afar with a +0 spear.
* * * LOW HITPOINT WARNING * * *
Aiming: Shock (safe; 8% risk of failure)
Press: ? - help, Q - select action Shift-Dir - straight line, f/p - gnoll
Aim: a gnoll, wielding a +0 club (moderately wounded, 72% to hit)
The zap hits the gnoll.
The gnoll is almost dead.
The zap hits the gnoll.
The gnoll is heavily wounded.
The gnoll hits you but does no damage.
The gnoll hits you from afar with a +0 spear.
You die...

## ..
# ###
.....
#
..###
#.####
#
#..g@#
#
####.#
## #g#
..


rg. ## ..... +...... #....... #........ .......... You could see 3 gnolls and a
rat.

Vanquished Creatures
  A gnoll (D:1)
  A dart slug (D:1)
  2 bats
  4 endoplasms (D:1)
  2 giant cockroaches
  2 goblins
  3 hobgoblins
  4 jackals (D:1)
  4 kobolds
  2 quokkas (D:1)
  2 ball pythons (D:2)
  2 frilled lizards (D:1)
29 creatures vanquished.

Notes
Turn   | Place    | Note
-------+----------+-------------------------------------------
     0 | D:1      | Jack47 the Draconian Air Elementalist began the quest for
                  | the Orb.
     0 | D:1      | Reached XP level 1. HP: 14/14 MP: 3/3
   220 | D:1      | Reached XP level 2. HP: 15/20 MP: 0/5
  1361 | D:1      | Reached XP level 3. HP: 26/26 MP: 4/6
  1854 | D:2      | Slain by a gnoll

Illustrated notes

Levels and vault maps discovered:
D:1:      ncdulo_halloftheorcs, layout_loops_corners, minivault_25
D:2:      layout_basic, serial_shops, nicolae_diamond_shop, minmay_pentomino_s4

Skill      XL: |  1  2  3 |
---------------+----------+-----
Dodging        | 2 |  2.3
Stealth        | 2 |  2.0
Fighting       | |  0.1
Maces & Flails | |  0.3
Spellcasting   | |  2.4
Conjurations   | |  1.0
Air Magic      | |  3.5

Action                   || total
-------------------------++-------
Melee: Unarmed           ||     8
       Whip              ||    65
       Tailslap          ||     5
 Cast: Shock             ||    31
 Stab: Sleeping          ||     2
Armor: Skin              ||    35
Dodge: Dodged            ||    62
